[ AOE2 MATCH · #506007234 ]
UnrankedFranks vs Hindustanis
Player's team · LOSS
[ REPLAY ANALYSIS · EXTRACTED FROM THE RECORDED GAME ]
Feudal
14:05
Castle
20:48
Imperial
—
| APM avg | 37.8 |
| APM peak | 85 |
| eAPM avg | 17.7 |
| Villagers / military | 58 / 28 |
Focus
⚔️ 16.6% · 🌾 83.4%
Knight ×20 · Militia ×4 · Spearman ×4
Feudal
9:16
Castle
21:10
Imperial
—
| APM avg | 66.9 |
| APM peak | 129 |
| eAPM avg | 27.8 |
| Villagers / military | 100 / 63 |
Focus
⚔️ 56.2% · 🌾 43.8%
Camel Scout ×59 · Scout Cavalry ×3 · Spearman ×1
Match map
Initial resources + every placement click. Lines = walls · curves = elevation contours. ◆ gold · ⬟ stone · ● berries · ✦ relic · ◌ wall gap
Your base· Open — unwalled flank
(COLG) LORD PETROVSKY's base· Open — 3t gap
Smoothed initial terrain · ◌ = detected wall gap · hover for details
Inputs per minute
— Tupeck - - (COLG) LORD PETROVSKY
Build order — Tupeck
First 150 of 166 actions detected
| 0:02 | Research | Loom |
| 0:02 | Research | Loom |
| 0:02 | Queue | Villager (Male) |
| 0:03 | Queue | Villager (Male) |
| 0:03 | Queue | Villager (Male) |
| 0:04 | Build | House |
| 0:07 | Build | House |
| 0:20 | Queue | Villager (Male) |
| 0:20 | Queue | Villager (Male) |
| 1:43 | Queue | Villager (Male) |
| 2:14 | Queue | Villager (Male) |
| 2:45 | Queue | Villager (Male) |
| 3:19 | Queue | Villager (Male) |
| 3:19 | Queue | Villager (Male) |
| 3:20 | Queue | Villager (Male) |
| 3:56 | Build | Barracks |
| 4:06 | Queue | Villager (Male) |
| 4:07 | Queue | Villager (Male) |
| 4:32 | Queue | Villager (Male) |
| 4:50 | Queue | Militia |
| 4:58 | Build | House |
| 5:12 | Queue | Villager (Male) |
| 5:24 | Build | House |
| 5:26 | Queue | Militia |
| 6:04 | Queue | Militia |
| 6:04 | Queue | Villager (Male) |
| 6:13 | Build | House |
| 6:15 | Queue | Villager (Male) |
| 6:47 | Queue | Villager (Male) |
| 6:52 | Queue | Villager (Male) |
| 7:48 | Queue | Villager (Male) |
| 7:50 | Queue | Militia |
| 8:16 | Build | Lumber Camp |
| 8:17 | Queue | Villager (Male) |
| 8:46 | Queue | Villager (Male) |
| 8:53 | Build | Mill |
| 10:14 | Build | Mill |
| 10:45 | Queue | Villager (Male) |
| 10:45 | Queue | Villager (Male) |
| 11:55 | Research | Feudal Age |
| 11:55 | Research | Feudal Age |
| 13:14 | Build | House |
| 13:17 | Build | Palisade Wall |
| 13:17 | Build | Palisade Wall |
| 13:20 | Build | House |
| 13:56 | Build | Lumber Camp |
| 14:05 | Age | Feudal Age |
| 14:09 | Build | Stable |
| 14:21 | Build | Farm |
| 14:21 | Build | Farm |
| 14:21 | Build | Farm |
| 14:30 | Build | House |
| 14:36 | Build | Palisade Wall |
| 14:49 | Build | Farm |
| 14:49 | Build | Farm |
| 14:50 | Build | Farm |
| 14:50 | Build | Farm |
| 14:51 | Queue | Villager (Male) |
| 14:52 | Queue | Villager (Male) |
| 14:52 | Queue | Villager (Male) |
| 14:52 | Queue | Villager (Male) |
| 15:07 | Queue | Villager (Male) |
| 15:15 | Research | Double-Bit Axe |
| 15:36 | Queue | Spearman |
| 15:51 | Build | Mining Camp |
| 15:57 | Queue | Spearman |
| 16:44 | Build | Farm |
| 16:48 | Build | Farm |
| 16:56 | Queue | Villager (Male) |
| 17:21 | Build | Market |
| 17:26 | Queue | Villager (Male) |
| 17:29 | Build | Farm |
| 18:08 | Research | Castle Age |
| 18:16 | Build | Stable |
| 18:17 | Build | Stable |
| 18:27 | Build | Farm |
| 18:28 | Build | Farm |
| 18:29 | Build | Farm |
| 18:30 | Build | Farm |
| 18:38 | Queue | Spearman |
| 18:48 | Build | Farm |
| 19:33 | Build | Blacksmith |
| 19:45 | Build | House |
| 19:48 | Build | Palisade Wall |
| 19:59 | Build | Palisade Wall |
| 20:19 | Build | House |
| 20:31 | Research | Wheelbarrow |
| 20:35 | Research | Scale Barding Armor |
| 20:48 | Age | Castle Age |
| 20:49 | Queue | Knight |
| 20:49 | Queue | Knight |
| 20:50 | Queue | Knight |
| 20:50 | Queue | Knight |
| 21:05 | Queue | Knight |
| 21:34 | Queue | Knight |
| 21:35 | Queue | Knight |
| 21:35 | Queue | Knight |
| 21:59 | Build | Town Center |
| 22:17 | Queue | Knight |
| 22:43 | Queue | Knight |
| 22:44 | Queue | Knight |
| 22:44 | Queue | Knight |
| 22:51 | Queue | Villager (Male) |
| 22:57 | Queue | Villager (Male) |
| 23:21 | Queue | Knight |
| 23:44 | Build | Farm |
| 23:44 | Build | Farm |
| 23:44 | Build | Farm |
| 23:45 | Build | Farm |
| 23:45 | Build | Farm |
| 23:45 | Build | Farm |
| 23:46 | Queue | Villager (Male) |
| 23:46 | Queue | Villager (Male) |
| 23:47 | Queue | Villager (Male) |
| 24:08 | Queue | Knight |
| 24:09 | Queue | Knight |
| 24:20 | Build | Farm |
| 24:21 | Build | Farm |
| 24:21 | Build | Farm |
| 24:21 | Build | Farm |
| 24:35 | Queue | Knight |
| 24:38 | Queue | Spearman |
| 24:43 | Queue | Villager (Male) |
| 24:52 | Build | Farm |
| 24:52 | Build | Farm |
| 24:53 | Build | Farm |
| 24:54 | Queue | Villager (Male) |
| 25:15 | Research | Forging |
| 25:39 | Queue | Villager (Male) |
| 25:41 | Queue | Villager (Male) |
| 25:42 | Queue | Villager (Male) |
| 25:44 | Queue | Villager (Male) |
| 25:48 | Queue | Knight |
| 26:21 | Research | Chain Barding Armor |
| 26:28 | Queue | Villager (Male) |
| 26:31 | Build | Farm |
| 26:31 | Build | Farm |
| 26:31 | Build | Farm |
| 26:32 | Build | Farm |
| 26:34 | Queue | Villager (Male) |
| 26:55 | Queue | Villager (Male) |
| 27:02 | Research | Iron Casting |
| 27:07 | Queue | Villager (Male) |
| 27:10 | Queue | Villager (Male) |
| 27:10 | Queue | Villager (Male) |
| 27:39 | Research | Husbandry |
| 27:58 | Queue | Knight |
| 27:59 | Queue | Knight |
| 27:59 | Queue | Knight |
| 28:11 | Queue | Villager (Male) |
Build order — (COLG) LORD PETROVSKY
First 150 of 257 actions detected
| 0:00 | Queue | Villager (Male) |
| 0:01 | Queue | Villager (Male) |
| 0:01 | Queue | Villager (Male) |
| 0:02 | Queue | Villager (Male) |
| 0:02 | Queue | Villager (Male) |
| 0:03 | Build | House |
| 0:05 | Build | House |
| 1:10 | Queue | Villager (Male) |
| 1:10 | Queue | Villager (Male) |
| 1:32 | Queue | Villager (Male) |
| 2:02 | Queue | Villager (Male) |
| 2:08 | Build | House |
| 2:23 | Queue | Villager (Male) |
| 2:55 | Build | Lumber Camp |
| 3:07 | Queue | Villager (Male) |
| 3:07 | Queue | Villager (Male) |
| 3:30 | Build | House |
| 3:47 | Queue | Villager (Male) |
| 3:47 | Queue | Villager (Male) |
| 3:47 | Queue | Villager (Male) |
| 4:16 | Build | House |
| 4:29 | Queue | Villager (Male) |
| 5:13 | Queue | Villager (Male) |
| 5:15 | Build | Mill |
| 5:19 | Build | House |
| 5:22 | Queue | Villager (Male) |
| 5:25 | Research | Loom |
| 6:56 | Research | Feudal Age |
| 7:08 | Build | Palisade Wall |
| 7:13 | Build | Barracks |
| 7:32 | Build | House |
| 7:37 | Queue | Villager (Male) |
| 7:55 | Queue | Villager (Male) |
| 8:35 | Build | House |
| 8:39 | Queue | Villager (Male) |
| 8:45 | Build | Palisade Gate |
| 9:01 | Queue | Villager (Male) |
| 9:16 | Age | Feudal Age |
| 10:09 | Queue | Villager (Male) |
| 10:14 | Build | Stable |
| 10:15 | Queue | Villager (Male) |
| 10:41 | Queue | Villager (Male) |
| 10:45 | Build | House |
| 10:54 | Queue | Villager (Male) |
| 10:58 | Build | House |
| 11:10 | Queue | Villager (Male) |
| 11:15 | Queue | Scout Cavalry |
| 11:15 | Queue | Scout Cavalry |
| 11:15 | Queue | Scout Cavalry |
| 11:27 | Build | House |
| 11:55 | Build | Farm |
| 11:55 | Build | Farm |
| 11:56 | Build | Farm |
| 11:56 | Build | Farm |
| 11:56 | Build | Farm |
| 11:57 | Queue | Villager (Male) |
| 12:13 | Build | Farm |
| 12:33 | Build | Palisade Wall |
| 13:07 | Research | Double-Bit Axe |
| 13:30 | Queue | Villager (Male) |
| 13:36 | Build | Blacksmith |
| 13:36 | Queue | Villager (Male) |
| 13:36 | Queue | Villager (Male) |
| 13:42 | Build | Farm |
| 13:46 | Build | Farm |
| 13:48 | Build | Farm |
| 13:56 | Build | Palisade Wall |
| 14:17 | Queue | Villager (Male) |
| 14:27 | Build | Farm |
| 14:28 | Queue | Villager (Male) |
| 14:48 | Research | Scale Barding Armor |
| 15:06 | Queue | Villager (Male) |
| 15:11 | Build | Farm |
| 15:11 | Build | Farm |
| 15:11 | Build | Farm |
| 15:11 | Build | Farm |
| 15:12 | Build | Farm |
| 15:12 | Build | Farm |
| 15:12 | Build | Farm |
| 15:12 | Build | Farm |
| 15:13 | Build | Farm |
| 15:13 | Queue | Villager (Male) |
| 15:13 | Queue | Villager (Male) |
| 15:25 | Queue | Villager (Male) |
| 15:41 | Build | Farm |
| 16:13 | Queue | Villager (Male) |
| 16:16 | Build | Mining Camp |
| 16:20 | Build | House |
| 16:44 | Queue | Villager (Male) |
| 16:57 | Queue | Spearman |
| 17:10 | Queue | Villager (Male) |
| 17:19 | Queue | Villager (Male) |
| 17:22 | Build | House |
| 17:23 | Queue | Villager (Male) |
| 18:06 | Build | Farm |
| 18:10 | Build | Farm |
| 18:13 | Build | Farm |
| 18:20 | Build | House |
| 18:21 | Build | House |
| 18:23 | Research | Castle Age |
| 18:58 | Build | Stable |
| 19:25 | Research | Horse Collar |
| 19:34 | Research | Forging |
| 19:44 | Queue | Villager (Male) |
| 19:51 | Research | Wheelbarrow |
| 20:01 | Build | House |
| 20:07 | Build | Palisade Wall |
| 20:11 | Build | Palisade Wall |
| 20:12 | Build | Palisade Wall |
| 21:10 | Age | Castle Age |
| 21:14 | Queue | Camel Scout |
| 21:14 | Queue | Camel Scout |
| 21:14 | Queue | Camel Scout |
| 21:15 | Queue | Camel Scout |
| 21:15 | Queue | Camel Scout |
| 21:15 | Queue | Camel Scout |
| 21:16 | Queue | Camel Scout |
| 21:16 | Queue | Camel Scout |
| 21:16 | Queue | Camel Scout |
| 21:16 | Queue | Camel Scout |
| 21:18 | Research | Husbandry |
| 21:20 | Queue | Villager (Male) |
| 21:31 | Queue | Villager (Male) |
| 21:32 | Queue | Villager (Male) |
| 21:32 | Queue | Villager (Male) |
| 21:43 | Build | Palisade Gate |
| 22:06 | Queue | Camel Scout |
| 22:07 | Queue | Camel Scout |
| 22:07 | Queue | Camel Scout |
| 22:08 | Queue | Villager (Male) |
| 22:08 | Queue | Villager (Male) |
| 22:17 | Queue | Camel Scout |
| 22:17 | Queue | Camel Scout |
| 22:25 | Build | Farm |
| 22:26 | Build | Farm |
| 22:27 | Queue | Villager (Male) |
| 22:32 | Queue | Villager (Male) |
| 22:32 | Queue | Villager (Male) |
| 22:59 | Queue | Camel Scout |
| 22:59 | Queue | Camel Scout |
| 23:00 | Queue | Villager (Male) |
| 23:00 | Queue | Villager (Male) |
| 23:20 | Queue | Camel Scout |
| 23:20 | Queue | Camel Scout |
| 23:20 | Queue | Camel Scout |
| 23:22 | Queue | Villager (Male) |
| 23:22 | Queue | Villager (Male) |
| 23:22 | Queue | Villager (Male) |
| 23:32 | Queue | Villager (Male) |
| 23:32 | Queue | Villager (Male) |
Match timeline
| 3:56 | Tupeck · first_building Barracks |
| 7:08 | (COLG) LORD PETROVSKY · wall_segment Palisade Wall x1 |
| 7:13 | (COLG) LORD PETROVSKY · first_building Barracks |
| 9:16 | (COLG) LORD PETROVSKY · age_up feudal |
| 10:14 | (COLG) LORD PETROVSKY · first_building Stable |
| 12:33 | (COLG) LORD PETROVSKY · wall_segment Palisade Wall x1 |
| 13:17 | Tupeck · wall_segment Palisade Wall x1 |
| 13:17 | Tupeck · wall_segment Palisade Wall x1 |
| 13:56 | (COLG) LORD PETROVSKY · wall_segment Palisade Wall x8 |
| 14:05 | Tupeck · age_up feudal |
| 14:09 | Tupeck · first_building Stable |
| 14:36 | Tupeck · wall_segment Palisade Wall x1 |
| 18:07 | Tupeck · first_market_buy 100 food |
| 19:48 | Tupeck · wall_segment Palisade Wall x2 |
| 19:59 | Tupeck · wall_segment Palisade Wall x6 |
| 20:07 | (COLG) LORD PETROVSKY · wall_segment Palisade Wall x5 |
| 20:11 | (COLG) LORD PETROVSKY · wall_segment Palisade Wall x8 |
| 20:12 | (COLG) LORD PETROVSKY · wall_segment Palisade Wall x1 |
| 20:48 | Tupeck · age_up castle |
| 21:10 | (COLG) LORD PETROVSKY · age_up castle |
| 28:17 | (COLG) LORD PETROVSKY · wall_segment Palisade Wall x12 |
| 31:18 | (COLG) LORD PETROVSKY · first_building Monastery |
| 32:45 | (COLG) LORD PETROVSKY · first_building Castle |
| 33:17 | (COLG) LORD PETROVSKY · wall_segment Palisade Wall x13 |
| 34:26 | Tupeck · resign |
[ AI ANALYSIS · 1 CREDIT ]
What really happened in this match?
Wolo.gg analyzes every decision: build order, eco, micro, common mistakes by bracket. Personalized analysis on WhatsApp or Discord in 30 seconds.
Civ guide
Franks
Perfil
Tupeck